 Dungeon Crawl Stone Soup version 0.24-a0-443-g80245de (webtiles) character file.

Game seed: 15526618396513265302

11560 MatthieuS the Carver (level 12, -8/94 HPs)
             Began as a Human Gladiator on June 21, 2019.
             Was a Believer of the Shining One.
             Killed from afar by a bog body (13 damage)
             ... with a bolt of cold
             ... on level 2 of the Lair of Beasts.
             The game lasted 00:29:58 (15885 turns).

MatthieuS the Carver (Human Gladiator)             Turns: 15885, Time: 00:29:58

Health: -8/94      AC: 18    Str: 14    XL:     12   Next: 9%
Magic:  17/17      EV:  9    Int: 11    God:    the Shining One [**....]
Gold:   612        SH:  0    Dex: 18    Spells: 11/11 levels left

rFire    . . .     SeeInvis .   a - +0 long sword (flame)
rCold    . . .     Gourm    .   (no shield)
rNeg     + . .     Faith    .   p - +0 chain mail
rPois    +         Spirit   .   w - +2 helmet
rElec    .         Reflect  .   b - +0 cloak
rCorr    +         Harm     .   k - +0 pair of gloves
MR       .....                  i - +0 pair of boots
Stlth    ..........             (no amulet)
HPRegen  0.25/turn              o - ring of poison resistance
MPRegen  0.15/turn              B - ring of resist corrosion

@: slowed, glowing, very slow
A: no striking features
a: Divine Shield, Renounce Religion


You were on level 2 of the Lair of Beasts.
You worshipped the Shining One.
The Shining One was pleased with you.
You were not hungry.

You visited 3 branches of the dungeon, and saw 12 of its levels.

You collected 646 gold pieces.
You spent 1 gold pieces at shops.
You donated 33 gold pieces to Zin.

Inventory:

Hand Weapons
 a - a +0 long sword of flaming (weapon)
 q - a -2 demon blade
   (You bought it in a shop on level 4 of the Dungeon)
 G - the +11 trident "Keneisse" {venom, rF+++ Str-3 Int+2 Stlth+}
   (You found it on level 8 of the Dungeon)

   It poisons the flesh of those it strikes.
   It affects your strength (-3).
   It affects your intelligence (+2).
   It renders you almost immune to fire.
   It makes you more stealthy.
Missiles
 d - 3 throwing nets {!f}
 g - 42 poisoned darts (quivered)
 y - 170 arrows
Armour
 b - a +0 cloak (worn)
   (You found it on level 5 of the Dungeon)
 i - a +0 pair of boots (worn)
   (You found it on level 3 of the Dungeon)
 k - a +0 pair of gloves (worn)
   (You found it on level 1 of the Dungeon)
 p - a +0 chain mail (worn)
   (You found it on level 1 of the Lair of Beasts)
 w - a +2 helmet (worn)
   (You found it on level 1 of the Lair of Beasts)
Jewellery
 o - a ring of poison resistance (left hand)
   (You found it on level 6 of the Dungeon)
 B - a ring of resist corrosion (right hand)
   (You found it on level 9 of the Dungeon)
 H - the ring of Ynlikker {Str+4 SInv}
   (You found it on level 2 of the Lair of Beasts)

   [ring of see invisible]

   It affects your strength (+4).
   It lets you see invisible.
Wands
 c - a wand of disintegration (16)
   (You found it on level 2 of the Lair of Beasts)
 t - a wand of flame (28)
   (You found it on level 9 of the Dungeon)
 v - a wand of digging (5)
   (You took it off a hobgoblin on level 2 of the Dungeon)
Scrolls
 f - a scroll of blinking
 j - 6 scrolls of fog
 n - 6 scrolls of identify {@r1}
 r - 2 scrolls of amnesia
 u - 4 scrolls of remove curse {@r2}
 z - 3 scrolls of fear
 C - 5 scrolls of teleportation {@r4}
 D - a scroll of magic mapping
 E - a scroll of enchant armour {unknown}
 F - a scroll of vulnerability {!r}
 J - a scroll of acquirement {unknown}
Potions
 h - 2 potions of brilliance
 m - 2 potions of mutation {!q}
 s - a potion of ambrosia {unknown}
 x - 3 potions of curing {@q1}
 A - a potion of cancellation
 K - a potion of haste {@q3}
Comestibles
 e - 20 rations


   Skills:
 + Level 8.6 Fighting
 * Level 12.0 Long Blades
 - Level 2.0 Throwing
 + Level 8.4 Armour
 - Level 4.1 Dodging
 - Level 7.6 Invocations


You had 11 spell levels left.
You didn't know any spells.
Your spell library contained the following spells:

 Spells                   Type           Power        Failure   Level  Hunger
 Beastly Appendage        Tmut           #.....       99%         1    ##.....
 Corona                   Hex            #......      99%         1    ##.....
 Magic Dart               Conj           #...         99%         1    ##.....
 Searing Ray              Conj           #.....       100%        2    ###....
 Slow                     Hex            #.......     100%        2    ###....
 Sticks to Snakes         Tmut           #.......     100%        2    ###....
 Inner Flame              Hex/Fire       #.......     100%        3    ####...
 Portal Projectile        Hex/Tloc       #.....       100%        3    ####...
 Spider Form              Tmut/Pois      #.........   100%        3    ####...
 Cause Fear               Hex            #.........   100%        4    #####..
 Ice Form                 Ice/Tmut       #.......     100%        4    #####..
 Leda's Liquefaction      Hex/Erth       #.........   100%        4    #####..
 Summon Lightning Spire   Summ/Air       #.......     100%        4    #####..
 Blade Hands              Tmut           #.........   100%        5    ######.
 Conjure Ball Lightning   Conj/Air       #.........   100%        6    #######
 Deflect Missiles         Chrm/Air       #.........   100%        6    #######


Dungeon Overview and Level Annotations

Branches:
Dungeon (9/15)             Temple (1/1) D:7            Lair (2/6) D:9
  Swamp: Lair:2-4    Shoals: Lair:2-4     Snake: Lair:2-4    Spider: Lair:2-4
    Orc: D:9-12

Altars:
Ashenzari
Cheibriados
Dithmenos
Elyvilon
Fedhas
Gozag
Hepliaklqana
Kikubaaqudgha
Makhleb
Nemelex Xobeh
Okawaru
Qazlal
Ru
Sif Muna
Trog
Uskayaw
Vehumet
Wu Jian
Xom
Yredelemnul
Zin
The Shining One

Shops:
D:4 *   D:6 %

Annotations:
D:4 1 runed translucent door, Guenter's ghost, amateur VSWn
D:7 3 runed translucent doors, alcopop's ghost, novice DrAK


Message History

You open the door.
There is an open door here.
Eating a chunk of flesh.
You eat the chunk of flesh.
A bog body comes into view.
A bog body is nearby!
A bog body comes into view.
Here: a bog body (haloed)
A fountain of clear blue water.
The bog body casts a spell at you.
You feel yourself slow down.
Okay, then.
As you read the scroll of identify {@r1}, it crumbles to dust.
l - a potion of degeneration The bog body gestures at you while chanting.
The bolt of cold hits you!
Drop what? 36/52 slots (_ for help) (? for menu, Esc to quit)
You drop a potion of degeneration {!q}.
You hit the bog body. You burn the bog body. The bog body barely misses you.
The bog body touches you but does no damage.
The bog body gestures at you while chanting.
You feel as though you will be slow longer.
The bog body gestures at you while chanting.
You resist with some effort.
The bog body gestures at you while chanting.
You resist with some effort.
You hit the bog body.
The bog body points at you and mumbles some strange words.
The bolt of cold hits you!!
You hit the bog body but do no damage.
The bog body gestures at you while chanting.
You resist with some effort. The bog body barely misses you.
The bog body touches you but does no damage.
You completely miss the bog body.
The bog body points at you and mumbles some strange words.
The bolt of cold hits the bog body!
The bog body resists.
The bolt of cold hits you!!
* * * LOW HITPOINT WARNING * * *
The bog body hits you but does no damage.
The bog body touches you but does no damage.
The bog body points at you and mumbles some strange words.
The bolt of cold hits the bog body!
The bog body resists.
The bolt of cold hits you!
* * * LOW HITPOINT WARNING * * *
The bog body casts a spell at you. The bolt of cold hits you!!
* * * LOW HITPOINT WARNING * * *
The bog body casts a spell at you.
The bolt of cold hits the bog body!
The bog body resists.
The bolt of cold hits you!
You die...

###### ###P...##
#P......##
##.......## #######
#....⌠⌠...#
######..#...
P...♣..♣!.##
#........... #
♣..♣.n.#
#...........
♣nn♣♣n##
##...........
≈.♣≈♣@.#
#..........P# ♣≈.
≈♣.## #...........#
♣≈♣
≈♣.####..........##
♣≈
♣♣.'...#.........##
♣♣
♣♣♣#............P#
####.....[...##
#.........#
##...#.P#P#
##.#######


You could see 2 bog bodies.

Vanquished Creatures
  Pikel (D:7)
  Psyche (D:8)
  A black mamba (Lair:2)
  4 spiny frogs
  A hornet (D:9)
  4 hippogriffs (Lair:1)
  3 hogs (D:7)
  13 yaks
  A wyvern (Lair:2)
  A human (D:7)
  A basilisk (Lair:2)
  3 water moccasins (Lair:1)
  3 porcupines (Lair:1)
  2 ice beasts
  A sky beast (D:8)
  2 slaves (D:7)
  A phantom (D:4)
  11 ogres
  10 wolves
  4 centaurs
  4 crocodiles
  6 bullfrogs
  A gnoll sergeant (D:9)
  3 big kobolds
  2 scorpions
  A water moccasin skeleton (D:9)
  6 killer bees
  4 howler monkeys
  4 crimson imps
  A centaur zombie (D:3)
  A quasit (D:6)
  8 hounds
  4 orc wizards
  A bullfrog skeleton (D:9)
  A centaur skeleton (D:8)
  2 iguanas (D:9)
  4 worker ants
  2 hound zombies
  11 gnolls
  A howler monkey skeleton (D:9)
  A worker ant zombie (D:6)
  10 adders
  An adder zombie (D:8)
  3 adder skeletons
  A worm (D:2)
  4 dart slugs
  A leopard gecko (D:3)
  26 orcs
  2 ball pythons (D:1)
  2 giant cockroaches
  10 goblins
  13 hobgoblins
  4 jackals (D:3)
  6 quokkas
  9 bats
  5 frilled lizards
  A jackal skeleton (D:3)
  21 kobolds
  A leopard gecko zombie (D:9)
  A quokka skeleton (D:2)
  2 quokka zombies (D:5)
  6 rats
265 creatures vanquished.

Vanquished Creatures (others)
  A quasit (D:7)
  A hound (D:7)
  3 fungi (Lair:1)
5 creatures vanquished.

Grand Total: 270 creatures vanquished

Notes
Turn   | Place    | Note
-------+----------+-------------------------------------------
     0 | D:1      | MatthieuS the Human Gladiator began the quest for the Orb.
     0 | D:1      | Reached XP level 1. HP: 16/16 MP: 1/1
   186 | D:1      | Reached XP level 2. HP: 20/22 MP: 2/2
   438 | D:1      | Reached skill level 1 in Armour
   438 | D:1      | Reached XP level 3. HP: 28/28 MP: 3/3
   978 | D:2      | Reached XP level 4. HP: 34/34 MP: 4/4
  1009 | D:2      | Reached skill level 4 in Long Blades
  1486 | D:3      | Reached XP level 5. HP: 35/40 MP: 5/5
  2453 | D:3      | Reached XP level 6. HP: 31/47 MP: 6/6
  2774 | D:4      | Reached skill level 5 in Long Blades
  2810 | D:4      | Noticed a phantom
  2878 | D:4      | HP: 2/47 [phantom (5)]
  2916 | D:4      | Killed a phantom
  3076 | D:4      | Reached XP level 7. HP: 16/53 MP: 7/7
  3525 | D:4      | Found Xorhad's Lightly-Used Armoury.
  3529 | D:4      | Bought a -3 demon blade for 1 gold piece
  3684 | D:4      | Found a runed translucent door.
  3870 | D:4      | Noticed Guenter's ghost (amateur VSWn)
  3940 | D:4      | Reached skill level 6 in Long Blades
  4092 | D:4      | Found a glowing silver altar of Zin.
  4093 | D:4      | Noticed an angel
  4257 | D:4      | Became a worshipper of Zin the Law-Giver
  4257 | D:4      | Reached * piety under Zin
  4277 | D:5      | Entered Level 5 of the Dungeon
  4643 | D:5      | Found a shattered altar of Ashenzari.
  4732 | D:5      | Reached XP level 8. HP: 61/61 MP: 8/8
  5157 | D:5      | Reached skill level 7 in Long Blades
  5268 | D:6      | Reached skill level 1 in Invocations
  5275 | D:6      | Reached skill level 5 in Fighting
  5499 | D:6      | Reached ** piety under Zin
  6069 | D:6      | Found Ynibbaif's Food Emporium.
  6190 | D:6      | Reached XP level 9. HP: 53/68 MP: 10/10
  6598 | D:7      | Found a runed translucent gate.
  6599 | D:7      | Found a runed translucent gate.
  6600 | D:7      | Found a runed translucent gate.
  6637 | D:7      | Noticed Pikel
  6653 | D:7      | Reached skill level 8 in Long Blades
  6684 | D:7      | Killed Pikel
  6684 | D:7      | Reached skill level 5 in Armour
  6912 | D:7      | Found a snail-covered altar of Cheibriados.
  7300 | D:7      | Found a staircase to the Ecumenical Temple.
  7322 | D:7      | Identified the Tome of Feathery Arcane Weapons
  7426 | D:7      | Found an opulent altar of Gozag.
  7427 | D:7      | Noticed alcopop's ghost (novice DrAK)
  7485 | D:7      | Reached skill level 9 in Long Blades
  7596 | D:7      | Reached XP level 10. HP: 42/77 MP: 13/13
  7823 | Temple   | Entered the Ecumenical Temple
  8119 | D:8      | Reached skill level 5 in Invocations
  8337 | D:8      | Noticed Psyche
  8372 | D:8      | Killed Psyche
  8372 | D:8      | Reached skill level 10 in Long Blades
  8687 | D:8      | Got a bloodstained trident
  8735 | D:8      | Reached *** piety under Zin
  8912 | D:8      | Found a glowing golden altar of the Shining One.
  8917 | D:8      | Fell from the grace of Zin
  8917 | D:8      | Became a worshipper of the Shining One
  8917 | D:8      | Reached * piety under the Shining One
  9341 | D:9      | Identified the +11 trident "Keneisse" {venom, rF+++ Str-3
                  | Int+2 Stlth+} (You found it on level 8 of the Dungeon)
  9962 | D:9      | Found a radiant altar of Vehumet.
  9969 | D:9      | Found a shadowy altar of Dithmenos.
  9974 | D:9      | Found a deep blue altar of Sif Muna.
  9981 | D:9      | Found a hazy altar of Hepliaklqana.
  9986 | D:9      | Found a burning altar of Makhleb.
 10007 | D:9      | Found a white marble altar of Elyvilon.
 10014 | D:9      | Found an opulent altar of Gozag.
 10077 | D:9      | Found a staircase to the Lair.
 10460 | D:9      | Reached XP level 11. HP: 81/84 MP: 15/15
 10847 | D:9      | Reached skill level 11 in Long Blades
 11181 | D:9      | Reached ** piety under the Shining One
 11671 | D:9      | Found a sparkling altar of Nemelex Xobeh.
 12023 | Lair:1   | Entered Level 1 of the Lair of Beasts
 15018 | Lair:2   | Reached XP level 12. HP: 81/94 MP: 17/17
 15220 | Lair:2   | Reached skill level 12 in Long Blades
 15552 | Lair:2   | Got a heavily runed amber ring
 15554 | Lair:2   | Identified the ring of Ynlikker {Str+4 SInv} (You found it
                  | on level 2 of the Lair of Beasts)
 15885 | Lair:2   | Killed from afar by a bog body

Levels and vault maps discovered:
D:1:      ncdulo_halloftheorcs, layout_basic
D:2:      layout_basic
D:3:      layout_basic, first_ration, grunt_ministairs_13
D:4:      layout_basic, zin_angel, ebering_ghost_reflecting_pool,
          minmay_shop_damaged
D:5:      layout_loops_corners, ashenzari_conservatory_becter
D:6:      layout_loops_ring, serial_shops, nicolae_shop_window_shopping
D:7:      layout_loops_ring, minmay_temple_entry_glass, basic_altar,
          ebering_ghost_gozag, grunt_livestock, grunt_decor_one_mirror,
          uniq_pikel
D:8:      layout_basic, kennysheep_little_box, bh_walls_and_bars, uniq_psyche
D:9:      layout_stronghold, nemelex_altar_shiori,
          grunt_temple_overflow_octagram, dpeg_oklobed_lair
Temple:   minmay_temple_curvy_loop
Lair:1:   layout_chaotic_city, wad_woods_river_04
Lair:2:   layout_roguey, nicolae_swamp_entry_splash_gauntlet, grunt_megastairs_5

Skill      XL: |  1  2  3  4  5  6  7  8  9 10 11 12 |
---------------+-------------------------------------+-----
Armour         | 1 2 3 4 6 7 8 |  8.4
Long Blades    | 4 5 6 7 9 10 11 12 | 12.0
Fighting       | 3 4 5 6 7 8 |  8.6
Invocations    | 2 4 6 7 |  7.6
Dodging        | 4 |  4.1
Throwing       | |  2.0

Action                   |  1- 3 |  4- 6 |  7- 9 | 10-12 || total
-------------------------+-------+-------+-------+-------++-------
Melee: Long sword        |    96 |   224 |   360 |   578 ||  1258
       Falchion          |       |       |    24 |       ||    24
Throw: Throwing net      |       |       |     2 |     3 ||     5
       Dart              |       |       |       |    28 ||    28
Invok: Recite            |       |       |     7 |     1 ||     8
       Vitalisation      |       |       |     3 |     1 ||     4
       Divine Shield     |       |       |       |     1 ||     1
  Use: Potion            |       |     3 |     4 |     6 ||    13
       Scroll            |       |     1 |    17 |     6 ||    24
 Stab: Sleeping          |     2 |     1 |       |       ||     3
       Confused          |       |       |     4 |     1 ||     5
       Held in net/web   |       |       |     1 |       ||     1
       Invisible         |       |       |       |     3 ||     3
  Eat: Chunk             |       |     8 |     7 |    11 ||    26
       Ration            |       |       |     3 |     4 ||     7
Armor: Leather armour    |    26 |    73 |    15 |       ||   114
       Scale mail        |       |       |   159 |   243 ||   402
       Chain mail        |       |       |       |    88 ||    88
Dodge: Dodged            |    83 |   174 |   251 |   342 ||   850
Block: Other             |       |       |       |     7 ||     7
       Rpst.: Long sword |    21 |    62 |    68 |   100 ||   251
       Falchion          |       |       |     5 |       ||     5

Table legend:
 A = Non-vault XP
 B = Vault XP
 C = Vault XP percentage of total XP
 D = Non-vault monster count
 E = Vault monster count
 F = Vault count percentage of total count
                 A         B        C        D         E       F
            +---------+---------+-------+---------+---------+-------
      Total |   14283 |    2232 |  13.5 |     253 |      10 |   3.8
            +---------+---------+-------+---------+---------+-------
        D:1 |      39 |       0 |   0.0 |      23 |       0 |   0.0
        D:2 |      88 |       0 |   0.0 |      23 |       0 |   0.0
        D:3 |     162 |       3 |   1.8 |      27 |       2 |   6.9
        D:4 |     443 |       0 |   0.0 |      19 |       0 |   0.0
        D:5 |     578 |       0 |   0.0 |      26 |       0 |   0.0
        D:6 |     725 |       0 |   0.0 |      23 |       0 |   0.0
        D:7 |     513 |    1672 |  76.5 |       8 |       6 |  42.9
        D:8 |    1734 |     448 |  20.5 |      25 |       1 |   3.8
        D:9 |    3164 |       0 |   0.0 |      43 |       0 |   0.0
     Lair:1 |    4617 |       0 |   0.0 |      26 |       0 |   0.0
     Lair:2 |    2220 |     109 |   4.7 |      10 |       1 |   9.1
            +---------+---------+-------+---------+---------+-------
